AoeStats
← callummitchell7511

MegaRandom

509654067Analyzed
2v2 RM · 4d ago on Sep 27, 2026· 42m 53s· 4 players
Game mode
Random Map
Map size
Medium (4 player)
Population
200
Speed
Normal
Resources
Standard
Victory
Conquest
Starting age
Dark Age
Ending age
Imperial Age
RankedLock teamsTeams togetherTeam positionsShared explorationLock speedFull tech treeHidden civsTurbo modeCheats
Victory
Defeat
🇬🇧 Franks · United Kingdom
1118
+18
🇬🇧 Mapuche · United Kingdom
1109
+18
🇦🇷 Britons · Argentina
1166
-18
🇨🇫 Spanish · Central African Republic
1164
-18
JohnSalchichon
7:12 Loom
10:08 Feudal Age
10:40 Double-Bit Axe
11:13 Horse Collar
12:31 Fletching
cevbv
1:10 Loom
12:23 Feudal Age
12:51 Town Watch
13:02 Double-Bit Axe
14:24 Horse Collar
17:13 Fletching
22:03 Castle Age
20:37 Padded Archer Armor
20:30 Stone Mining
24:51 Bodkin Arrow
33:55 Leather Archer Armor
35:33 Wheelbarrow
35:39 Bloodlines
36:05 Husbandry
36:20 Murder Holes
38:53 Ballistics
38:44 Masonry
38:52 Hand Cart
40:57 Forging
callummitchell7511
10:41 Loom
13:26 Feudal Age
19:42 Castle Age
17:31 Double-Bit Axe
17:41 Gold Mining
18:24 Fletching
18:16 Horse Collar
18:45 Padded Archer Armor
20:35 Bodkin Arrow
22:12 Leather Archer Armor
24:08 Town Watch
24:58 Wheelbarrow
26:04 Bow Saw
26:03 Heavy Plow
35:40 Imperial Age
34:26 Malon
37:22 Ring Archer Armor
37:29 Conscription
38:48 Elite Bolas Rider
41:20 Ballistics
42:14 Chemistry
kyleanderson041199
6:40 Loom
7:23 Loom
12:07 Feudal Age
12:53 Double-Bit Axe
18:49 Gold Mining
22:28 Town Watch
26:04 Castle Age
25:36 Padded Archer Armor
25:26 Fletching
27:42 Bodkin Arrow
29:35 Bow Saw
30:04 Gold Shaft Mining
30:33 Leather Archer Armor
34:40 Husbandry
35:05 Ballistics
37:48 Stone Mining
Connection lost

Rejoining the realm…

Still unreachable

The connection could not be restored.

Session expired

The server has moved on; the page needs a fresh start.